 Dungeon Crawl Stone Soup version 0.30-b1-2-g02819fbbbe (webtiles) character file.

Game seed: 693770400434755123

169763 Anon1729 the Warrior (level 17, -4/142 HPs)
             Began as a Minotaur Monk on Aug 25, 2023.
             Was the Champion of Hepliaklqana.
             Engulfed by Bai Suzhen's thunder (18 damage)
             ... on level 3 of the Spider Nest.
             The game lasted 00:33:02 (33552 turns).

Anon1729 the Warrior (Minotaur Monk)               Turns: 33552, Time: 00:33:03

Health: -4/142     AC: 20    Str: 21    XL:     17   Next: 36%
Magic:  25/25      EV: 29    Int:  7    God:    Hepliaklqana [******]
Gold:   1654       SH:  0    Dex: 24    Spells: 16/16 levels left

rFire   + . .        V - +1 dagger (elec)
rCold   . . .        d - orb {light}
rNeg    . . .        D - +2 leather armour {rF+}
rPois   +            (helmet restricted)
rElec   .            H - +2 cloak
rCorr   .            R - +2 pair of gloves
SInv    .            F - +0 pair of boots
Will    +....        (no amulet)
Stlth   +            m - +4 ring of protection
HPRegen 0.43/turn    X - ring of Duutauro {rPois EV+5 Str+4 Dex+4}
MPRegen 0.19/turn

%: no passive effects
@: glowing, studying Ranged Weapons, very slow
A: reduced essence, horns 2, retaliatory headbutt
a: Renounce Religion, Recall Ancestor, Ancestor Identity, Transference, Idealise


You were on level 3 of the Spider Nest.
You worshipped Hepliaklqana.
Hepliaklqana was exalted by your worship.
You visited 5 branches of the dungeon, and saw 26 of its levels.

You collected 2091 gold pieces.
You spent 437 gold pieces at shops.

Inventory:

Hand Weapons
 V - a +1 dagger of electrocution (weapon)
Missiles
 o - 4 throwing nets (quivered)
 W - 2 curare-tipped darts
Armour
 d - an orb of light (worn)
 D - a +2 leather armour of fire resistance (worn)
 F - a +0 pair of boots (worn)
 H - a +2 cloak (worn)
 R - a +2 pair of gloves (worn)
Jewellery
 b - a ring of resist corrosion
 h - a +4 ring of protection
 m - a +4 ring of protection (left hand)
 q - a ring of see invisible
 v - a ring of fire
 K - a ring of ice
 S - a ring of positive energy
 T - a ring of flight
 X - the ring of Duutauro (right hand) {rPois EV+5 Str+4 Dex+4}
   (You found it on level 1 of the Lair of Beasts)

   [ring of evasion]

   EV:        It affects your evasion (+5).
   Str:       It affects your strength (+4).
   Dex:       It affects your dexterity (+4).
   rPois:     It protects you from poison.
Wands
 s - a wand of digging (11)
 y - a wand of polymorph (13)
 A - a wand of acid (12)
 B - a wand of iceblast (18)
 I - a wand of flame (41)
 L - a wand of charming (20)
Scrolls
 a - 4 scrolls of silence
 e - 4 scrolls of fog
 g - 3 scrolls of vulnerability
 k - 2 scrolls of teleportation
 p - 3 scrolls of torment
 z - 4 scrolls of fear
 C - 6 scrolls of identify
 E - 5 scrolls of poison
 M - 4 scrolls of butterflies
 N - 6 scrolls of magic mapping
 O - 6 scrolls of enchant weapon
 Q - a scroll of brand weapon
 Z - a scroll of enchant armour
Potions
 c - 4 potions of ambrosia
 f - 4 potions of heal wounds
 i - 8 potions of mutation
 j - 10 potions of curing
 l - 8 potions of brilliance
 n - 6 potions of might
 r - 2 potions of attraction
 t - 5 potions of cancellation
 u - 4 potions of haste
 w - 2 potions of invisibility
 x - 5 potions of berserk rage
 G - 4 potions of flight
 J - 5 potions of lignification
 Y - 2 potions of magic


   Skills:
 + Level 16.0 Fighting
 + Level 14.7 Short Blades
 + Level 15.4 Armour
 + Level 14.6 Dodging
 + Level 12.2 Stealth
 + Level 13.2 Invocations
 + Level 4.9 Evocations


You had 16 spell levels left.
You didn't know any spells.
Your spell library contained the following spells:

 Spells                   Type           Power      Damage    Failure   Level
 Apportation              Tloc           0%         N/A       45%         1
 Necrotise                Necr           0%         1d4       45%         1
 Sting                    Tmut/Pois      0%         1d3       45%         1
 Summon Small Mammal      Summ           0%         N/A       45%         1
 Ensorcelled Hibernation  Hex/Ice        0%         N/A       61%         2
 Passwall                 Tmut/Erth      0%         N/A       61%         2
 Poisonous Vapours        Pois/Air       0%         N/A       61%         2
 Ignite Poison            Fire/Tmut/Pois 0%         N/A       83%         3
 Swiftness                Air            0%         N/A       83%         3
 Anguish                  Hex/Necr       0%         N/A       99%         4
 Olgreb's Toxic Radiance  Pois           0%         N/A       99%         4
 Sticky Flame             Conj/Fire      0%         2d3       99%         4
 Enfeeble                 Hex            0%         N/A       100%        7
 Ignition                 Fire           0%         3d3       100%        8


Dungeon Overview and Level Annotations

Branches:
Dungeon (15/15)            Temple (0/1) D:7            Lair (5/5) D:11
  Swamp (2/4) Lair:3       Spider (3/4) Lair:2        Slime (0/5) Lair:5
    Orc (1/2) D:11         Vaults (0/5) D:13         Depths (0/4) D:15

Altars:
Ashenzari
Cheibriados
Elyvilon
Fedhas
Hepliaklqana
Makhleb
Nemelex Xobeh
Okawaru
Ru
Trog
Uskayaw
Wu Jian
Xom
Yredelemnul
The Shining One

Shops:
D:6 *   D:15 ?[

Annotations:
D:9 1 runed translucent door, MrClown's ghost, novice DsNe
D:11 2 transporters, enotiy's ghost, novice GrFi
Spider:3 Bai Suzhen; Mara
Orc:1 1 transporter


Innate Abilities, Weirdness & Mutations

Your life essence is reduced to manifest your ancestor. (-10% HP)
You have a pair of horns on your head.
You reflexively headbutt those who attack you in melee.


Message History

* * * LOW HITPOINT WARNING * * *
The four-headed hydra completely misses you. x2
The four-headed hydra misses you.
The eight-headed hydra bites you but does no damage.
The eight-headed hydra bites you.
* * * LOW HITPOINT WARNING * * *
The eight-headed hydra completely misses you.
The eight-headed hydra bites you but does no damage.
The eight-headed hydra misses you. x2
The eight-headed hydra bites you but does no damage.
The eight-headed hydra bites you.
* * * LOW HITPOINT WARNING * * *
Aiming: Corrosive Bolt
Press: ? - help, Shift-Dir - straight line, f/p - Bai Suzhen
Aim: Bai Suzhen (almost dead, surrounded by thunder, lightly drained, haloed, 96% to hit)
The bolt of acid hits Bai Suzhen!
The acid corrodes Bai Suzhen!
Bai Suzhen is almost dead.
Bai Suzhen breathes water at you. The torrent of water misses you.
The torrent of water hits the eight-headed hydra!
The eight-headed hydra is knocked back by the torrent of water.
The eight-headed hydra slams into the rock wall!
The eight-headed hydra is severely wounded.
The wave splashes down.
The four-headed hydra completely misses you.
The four-headed hydra bites you but does no damage.
The four-headed hydra misses you.
The four-headed hydra bites you but does no damage.
You hear a skittering sound.
Okay, then.
Unknown command.
Unknown command.
Aiming: Corrosive Bolt
Press: ? - help, Shift-Dir - straight line, f/p - Bai Suzhen
Aim: Bai Suzhen (almost dead, surrounded by thunder, covered in acid, lightly drained, haloed, 96% to hit)
The bolt of acid hits Bai Suzhen.
Bai Suzhen seems to be corroded for longer.
Bai Suzhen is almost dead.
You are engulfed in a thunderstorm.
You die...

#..###..^##
##..#.....##
#..######^.#####
#.......#..##..##
#...R...#..#....##
#.###...#....#^..#
###..^####..##...#
#~~##..####...##
##D@D§..^#..#######
##~D#^..##^..##..##
#### ..##...#..^#
####...... #..^#..
#######..
######..#...^.
#..#..^....^##
#..#.^#..####


You could see Bai Suzhen (clouds, corroded, drained), an eight-headed hydra
(summoned) and a four-headed hydra (summoned).

Vanquished Creatures
  Jorgrun (Swamp:1)
  Rupert (D:13)
  Mlioglotl (Swamp:2)
  Frances (Swamp:1)
  A thorn hunter (Swamp:1)
  Kirke (D:13)
  4 emperor scorpions
  A ghoul (Swamp:2)
  A very ugly thing (Spider:2)
  An eleionoma (Swamp:1)
  2 bunyips
  A dire elephant (D:15)
  A spark wasp (Spider:1)
  Josephine (Lair:3)
  3 entropy weavers
  Fannar (D:11)
  7 vault guards (D:13)
  9 hydras
  5 centaur warriors
  An anaconda (Lair:5)
  An ogre mage (Orc:1)
  A ghost crab (Swamp:2)
  A spriggan air mage (Swamp:2)
  5 radroaches
  2 alligators (Swamp:1)
  4 boulder beetles
  8 two-headed ogres
  A tengu warrior (D:15)
  A death knight (D:14)
  4 death yaks
  Sonja (D:12)
  3 pharaoh ants
  3 spriggan druids
  An orb spider (Spider:1)
  12 bog bodies
  2 goliath frogs (Swamp:1)
  2 swamp dragons (Swamp:2)
  4 steelbarb worms
  7 wizards (D:12)
  9 wolf spiders
  2 deep elf pyromancers
  A deep elf zephyrmancer (D:12)
  2 orc sorcerers (D:12)
  4 manticores
  2 orc knights (Orc:1)
  An oklob plant (Lair:2)
  A will-o-the-wisp (Swamp:1)
  19 ugly things
  A moth of wrath (Spider:2)
  A cyclops (shapeshifter) (D:14)
  20 elephants
  3 cyclopes
  A black mamba (shapeshifter) (D:15)
  5 demonic crawlers
  A naga mage (D:15)
  10 black mambas
  14 cane toads
  A torpor snail (Lair:5)
  4 kobold demonologists
  A rime drake (Lair:5)
  2 gargoyles (D:10)
  9 komodo dragons
  3 tengu conjurers
  A queen bee (D:9)
  4 trolls
  8 meliai
  19 tarantellas
  3 tyrant leeches
  10 hornets
  A dream sheep (Lair:5)
  2 blink frogs (Lair:2)
  11 slime creatures
  11 culicivoras
  3 jumping spiders
  34 yaks
  7 spriggans
  A shadow (D:12)
  Grum (Lair:1)
  5 wraiths
  14 wyverns
  2 hogs (D:13)
  2 yaks (shapeshifter) (D:14)
  2 basilisks
  21 redbacks
  A steam dragon (D:7)
  4 vampire mosquitoes
  2 wargs (Orc:1)
  3 swamp worms
  An acid dragon (D:12)
  20 water moccasins
  3 black bears
  9 orc warriors
  2 sky beasts
  4 ogres
  5 wolves
  7 centaurs
  4 hexers
  3 phantoms
  2 kobold brigands
  9 bullfrogs
  2 necrophages (Swamp:2)
  A gnoll sergeant (D:10)
  6 scorpions
  10 wights (D:8)
  20 killer bees
  6 electric eels
  2 howler monkeys
  2 lava snakes (Lair:1)
  7 hounds
  2 jellies
  11 orc priests
  A sleepcap (D:7)
  2 gnoll boudas
  Natasha (D:3)
  5 iguanas
  16 orc wizards
  19 gnolls
  7 adders
  A white imp (D:6)
  An ufetubus (D:5)
  3 worms
  4 dart slugs
  61 orcs
  11 endoplasms
  4 giant cockroaches
  6 goblins
  8 hobgoblins
  10 jackals
  11 kobolds
  5 ball pythons
  4 bats
  3 frilled lizards (D:3)
  3 rats
  A bush (Lair:2)
721 creatures vanquished.

Vanquished Creatures (collateral kills)
  The ghost of ZLogic the Unseen, a journeyman SpEn of Kikubaaqudgha (D:15)
  A bunyip (Swamp:1)
  2 entropy weavers
  A vault guard (D:13)
  A catoblepas (Lair:4)
  A hydra (Swamp:1)
  A boulder beetle (Lair:5)
  2 two-headed ogres
  A tengu warrior (D:14)
  A radroach (Spider:3)
  2 death yaks (Lair:1)
  A skyshark (Lair:2)
  A goliath frog (Swamp:2)
  A bog body (Swamp:2)
  5 ugly things
  3 manticores
  A will-o-the-wisp (Swamp:2)
  5 elephants
  A black mamba (Lair:5)
  A guardian serpent (Lair:5)
  3 cane toads
  2 rime drakes
  A komodo dragon (D:11)
  2 meliai
  2 hornets
  A tyrant leech (Swamp:1)
  A polar bear (Lair:4)
  2 dream sheep (Lair:5)
  5 tarantellas
  3 blink frogs (Lair:2)
  A slime creature (shapeshifter) (D:15)
  2 culicivoras
  2 jumping spiders (Spider:2)
  A centaur simulacrum (D:15)
  2 shadows
  2 spriggans
  3 wyverns (Lair:5)
  2 basilisks
  6 yaks
  2 vampire mosquitoes
  7 redbacks
  3 swamp worms
  An acid dragon (D:14)
  6 water moccasins
  3 orc warriors (Orc:1)
  A wolf (Lair:5)
  A centaur (D:12)
  A gnoll sergeant (D:9)
  2 necrophages (Swamp:2)
  A scorpion (D:7)
  A wight (D:8)
  4 killer bees
  2 electric eels
  An orc wizard (Orc:1)
  5 gnolls
  A white imp (D:8)
  5 orcs
  A kobold (D:12)
  A bush (Lair:2)
125 creatures vanquished.

Vanquished Creatures (others)
  2 bloated husks
  17 hexers
  20 foxfires
  60 fungi
  77 plants
176 creatures vanquished.

Grand Total: 1022 creatures vanquished

Notes
Turn   | Place    | Note
-------+----------+-------------------------------------------
     0 | D:1      | Anon1729 the Minotaur Monk began the quest for the Orb.
     0 | D:1      | Reached XP level 1. HP: 19/19 MP: 0/0
   116 | D:1      | Reached XP level 2. HP: 18/27 MP: 1/1
   533 | D:2      | Reached skill level 1 in Armour
   566 | D:2      | Reached skill level 1 in Invocations
   566 | D:2      | Reached XP level 3. HP: 19/33 MP: 2/2
   595 | D:1      | Reached skill level 4 in Fighting
   678 | D:2      | Reached skill level 1 in Stealth
   685 | D:2      | Reached XP level 4. HP: 31/40 MP: 3/3
   730 | D:2      | Noticed a phantom
   742 | D:2      | Killed a phantom
   743 | D:2      | Reached XP level 5. HP: 40/47 MP: 3/5
   888 | D:2      | Found a faded altar of an unknown god.
  2074 | D:3      | Noticed Natasha
  2092 | D:3      | Killed Natasha
  2315 | D:3      | Reached XP level 6. HP: 47/53 MP: 6/6
  2452 | D:3      | Found a white marble altar of Elyvilon.
  2507 | D:4      | Found an ornate altar of the Wu Jian Council.
  2566 | D:4      | Found an iron altar of Okawaru.
  2729 | D:4      | Reached skill level 5 in Fighting
  2903 | D:4      | Reached XP level 7. HP: 59/61 MP: 6/8
  3466 | D:4      | Found a sparkling altar of Nemelex Xobeh.
  3709 | D:5      | Entered Level 5 of the Dungeon
  3727 | D:5      | Reached skill level 5 in Short Blades
  3776 | D:5      | Reached skill level 5 in Dodging
  3829 | D:5      | Found a basalt altar of Yredelemnul.
  3949 | D:5      | Found a sacrificial altar of Ru.
  4052 | D:5      | Reached XP level 8. HP: 60/70 MP: 9/9
  4152 | D:5      | Identified the scarf of Poor Excuses {shadows, Dex+3}
  4395 | D:5      | Reached skill level 6 in Fighting
  4663 | D:5      | Found a snail-covered altar of Cheibriados.
  5348 | D:6      | Reached skill level 5 in Armour
  5373 | D:6      | Found Xujia's Assorted Antiques.
  5403 | D:6      | Bought a scroll labelled HILASI WAILEODO for 33 gold pieces
  5403 | D:6      | Bought a scroll labelled VIH XAITUINIO for 33 gold pieces
  5403 | D:6      | Bought a clear potion for 29 gold pieces
  5403 | D:6      | Bought a scroll of teleportation for 99 gold pieces
  5403 | D:6      | Bought 2 sedimented amethyst potions for 59 gold pieces
  5677 | D:6      | Found a hazy altar of Hepliaklqana.
  6009 | D:6      | Identified the +10 mace of Scuffed Duty {freeze, rCorr}
  6039 | D:6      | Reached XP level 9. HP: 23/78 MP: 11/11
  6341 | D:6      | Reached skill level 7 in Fighting
  6641 | D:6      | Became a worshipper of Hepliaklqana the Forgotten
  6641 | D:6      | Reached * piety under Hepliaklqana
  6641 | D:6      | Reached ** piety under Hepliaklqana
  6642 | D:6      | Remembered your ancestor Æðelind as a hexer
  6707 | D:7      | Reached skill level 5 in Invocations
  6954 | D:7      | Found a staircase to the Ecumenical Temple.
  6984 | D:7      | Identified the +10 whip "Hulk" {freeze, +Blink Will+}
  7400 | D:8      | Reached skill level 5 in Stealth
  7826 | D:8      | Found a burning altar of Makhleb.
  7845 | D:8      | Reached skill level 8 in Fighting
  7845 | D:8      | Reached XP level 10. HP: 50/79 MP: 13/13
  8677 | D:9      | Found a bloodstained altar of Trog.
  8747 | D:9      | Noticed a two-headed ogre
  8757 | D:9      | Killed a two-headed ogre
  8809 | D:9      | Reached *** piety under Hepliaklqana
  9162 | D:9      | Found a runed translucent door.
  9164 | D:9      | Identified the +6 spear "Grim Tooth" {freeze, rCorr}
  9166 | D:9      | Noticed MrClown's ghost (novice DsNe)
  9316 | D:9      | Found a broken altar of Ashenzari.
  9440 | D:9      | Reached skill level 9 in Fighting
  9581 | D:9      | Noticed a +0 hand axe
  9583 | D:9      | Found a hide-covered altar of Uskayaw.
  9583 | D:9      | Noticed a +0 dagger
  9736 | D:10     | Entered Level 10 of the Dungeon
  9797 | D:10     | Found a shimmering altar of Xom.
 10014 | D:10     | Noticed a two-headed ogre
 10024 | D:10     | Killed a two-headed ogre
 10025 | D:10     | Reached XP level 11. HP: 80/87 MP: 15/15
 10131 | D:10     | Found a blossoming altar of Fedhas.
 10259 | D:10     | Paralysed by a hornet for 2 turns
 10945 | D:11     | Found a staircase to the Orcish Mines.
 11018 | D:11     | Found a staircase to the Lair.
 11349 | D:11     | Noticed a two-headed ogre
 11360 | D:11     | Killed a two-headed ogre
 11374 | D:11     | Found a transporter.
 11376 | D:11     | Noticed a fire giant
 11376 | D:11     | Noticed enotiy's ghost (novice GrFi)
 11377 | D:11     | Found a transporter.
 11451 | D:11     | Reached **** piety under Hepliaklqana
 11488 | D:11     | Noticed a two-headed ogre
 11490 | D:11     | Noticed a two-headed ogre
 11500 | D:11     | Killed a two-headed ogre
 11504 | D:11     | Reached skill level 10 in Fighting
 11912 | D:11     | Noticed Fannar
 11937 | D:11     | Killed Fannar
 12388 | D:11     | Noticed a white ugly thing
 12399 | D:11     | Killed a white ugly thing
 12756 | D:12     | Noticed a two-headed ogre
 12766 | D:12     | Killed a two-headed ogre
 12838 | D:12     | Noticed a green ugly thing
 12852 | D:12     | Killed a green ugly thing
 13045 | D:12     | Reached XP level 12. HP: 96/96 MP: 17/17
 13060 | D:12     | Noticed Sonja
 13072 | D:12     | Killed Sonja
 13418 | D:12     | Reached skill level 10 in Armour
 13420 | D:12     | Reached skill level 10 in Short Blades
 13461 | D:12     | Noticed a two-headed ogre
 13471 | D:12     | Killed a two-headed ogre
 13472 | D:12     | Reached skill level 11 in Fighting
 13472 | D:12     | Reached skill level 10 in Dodging
 13684 | D:12     | Identified the +8 mace "Voek" {heavy, rN+ Will++ Str-4
                  | Dex+2}
 13932 | D:12     | Identified the +2 leather armour "Kiareze" {rF- rC+ Stlth+}
 14160 | D:12     | Found an ornate altar of the Wu Jian Council.
 14254 | Lair:1   | Entered Level 1 of the Lair of Beasts
 14317 | Lair:1   | Identified the ring of Duutauro {rPois EV+5 Str+4 Dex+4}
 14404 | Lair:1   | Noticed a death yak
 14413 | Lair:1   | Killed a death yak
 14431 | Lair:1   | Noticed a death yak
 14434 | Lair:1   | Noticed a death yak
 14434 | Lair:1   | Noticed a death yak
 14434 | Lair:1   | Noticed a death yak
 14434 | Lair:1   | Noticed a death yak
 14436 | Lair:1   | Noticed a boulder beetle
 14445 | Lair:1   | Killed a death yak
 14459 | Lair:1   | Killed a death yak
 14460 | Lair:1   | Reached XP level 13. HP: 58/104 MP: 18/18
 15207 | Lair:1   | Noticed Grum
 15222 | Lair:1   | Killed Grum
 15480 | Lair:2   | Reached ***** piety under Hepliaklqana
 15668 | Lair:2   | Reached skill level 12 in Fighting
 15891 | Lair:2   | Found a hole to the Spider Nest.
 15933 | Lair:2   | Found a glowing golden altar of the Shining One.
 16761 | Lair:3   | You fall into a shaft and drop 2 floors!
 16761 | Lair:5   | Entered Level 5 of the Lair of Beasts
 16811 | Lair:5   | Reached skill level 10 in Invocations
 17130 | Lair:5   | Reached XP level 14. HP: 54/114 MP: 15/20
 17661 | Lair:5   | Reached skill level 13 in Fighting
 17841 | Lair:5   | Found a staircase to the Slime Pits.
 18543 | Lair:4   | Reached skill level 10 in Stealth
 18724 | Lair:4   | HP: 5/116 [catoblepas (26)]
 20017 | Lair:3   | Noticed Josephine
 20149 | Lair:3   | Killed Josephine
 20496 | Lair:3   | Found a staircase to the Swamp.
 21174 | Orc:1    | Entered Level 1 of the Orcish Mines
 21321 | Orc:1    | Found a transporter.
 21355 | Orc:1    | Reached ****** piety under Hepliaklqana
 21418 | Orc:1    | Reached XP level 15. HP: 97/123 MP: 22/22
 22312 | D:13     | Noticed Rupert
 22315 | D:13     | Paralysed by Rupert for 4 turns
 22327 | D:13     | Paralysed by Rupert for 4 turns
 22335 | D:13     | Killed Rupert
 22336 | D:13     | Reached skill level 14 in Fighting
 22750 | D:13     | Found a gate to the Vaults.
 23529 | D:13     | Noticed Kirke
 23554 | D:13     | Killed Kirke
 24757 | D:14     | Found a blossoming altar of Fedhas.
 24848 | D:15     | Entered Level 15 of the Dungeon
 25698 | D:15     | Found Waet's Magic Scroll Boutique.
 25861 | D:15     | Bought a scroll of blinking for 120 gold pieces
 25861 | D:15     | Bought a scroll of identify for 32 gold pieces
 25861 | D:15     | Bought a scroll of identify for 32 gold pieces
 25891 | D:15     | Found a staircase to the Depths.
 26269 | D:15     | Found Ximuuz's Antique Armour Emporium.
 26348 | D:15     | Found a runed translucent door.
 26349 | D:15     | Noticed ZLogic's ghost (journeyman SpEn)
 26506 | D:15     | Found a bloodstained altar of Trog.
 26683 | D:15     | Killed ZLogic's ghost
 27009 | Swamp:1  | Entered Level 1 of the Swamp
 27019 | Swamp:1  | Noticed Frances
 27026 | Swamp:1  | Reached XP level 16. HP: 44/132 MP: 22/24
 27046 | Swamp:1  | Killed Frances
 27047 | Swamp:1  | Reached skill level 1 in Evocations
 27054 | Swamp:1  | Noticed a thorn hunter
 27063 | Swamp:1  | HP: 1/132 [thorn hunter/volley of thorns (24)]
 27065 | Swamp:1  | Noticed Jorgrun
 27373 | Swamp:1  | Killed a thorn hunter
 27560 | Swamp:1  | Identified the +3 arbalest "Megeats" {heavy, Str+4}
 27589 | Swamp:1  | Reached skill level 15 in Fighting
 27607 | Swamp:1  | Killed Jorgrun
 28216 | Swamp:2  | Noticed Mlioglotl
 28226 | Swamp:2  | Killed Mlioglotl
 29812 | Spider:1 | Entered Level 1 of the Spider Nest
 30473 | Spider:1 | Reached skill level 15 in Armour
 31363 | Spider:2 | Reached XP level 17. HP: 96/141 MP: 25/25
 32524 | Spider:2 | Reached skill level 16 in Fighting
 33086 | Spider:3 | Noticed Mara
 33093 | Spider:3 | Noticed Anon1729's illusion
 33524 | Spider:3 | Noticed Bai Suzhen
 33552 | Spider:3 | Engulfed by Bai Suzhen's thunder

Illustrated notes

Levels and vault maps discovered:
D:1:      dpeg_arrival_stone_temple_mockup, layout_rooms, item_on_display_a
D:2:      layout_basic, chequers_ecumenical_altar_simple
D:3:      layout_loops_corners, nicolae_elyvilon_temple_path, uniq_natasha
D:4:      layout_basic, nemelex_spade_bored_becter, okawaru_ov_weapons_minmay,
          lemuel_round_altar
D:5:      layout_gridville, amcnicky_altar_gilded, mainiacjoe_overflow_brackets,
          lemuel_doored_altar, hangedman_decor_opposing
D:6:      layout_loops_corners, mainiacjoe_overflow_24_doors, serial_shops, shop
D:7:      layout_rooms, minmay_temple_entry_glassed_door
D:8:      layout_basic, mainiacjoe_overflow_paths, minivault_14
D:9:      layout_rooms, evilmike_ruin_ashenzari, dancing_weapons_uskayaw,
          lemuel_crystal_altar, ebering_ghost_funeral_grove, minivault_7
D:10:     layout_roguey, lemuel_crystal_altar, mainiacjoe_overflow_cross_hatched
D:11:     layout_long_grid, due_lair_maze_entry_diamond, gammafunk_ghost_arena,
          uniq_fannar
D:12:     minmay_tri_stars, layout_long_grid, nzn_wu_jian_council_hall,
          uniq_sonja
D:13:     layout_basic, erik_vaults_2, uniq_kirke, uniq_rupert
D:14:     layout_cave_pools, lemuel_round_altar
D:15:     hangedman_depths_entry_try_elsewhere_first, layout_loops_cross,
          gammafunk_ghost_grave, serial_shops, shop, shop,
          lemuel_coloured_pillars_altar
Lair:1:   layout_misc_corridors, nicolae_lair_liquid_snakes, grunt_megastairs_1,
          uniq_grum
Lair:2:   layout_long_grid, hellmonk_spider_entry_not_the_bees, basic_altar,
          minmay_lair_oklob_bushes, eino_small_chamber_without_monster,
          chequers_serial_rivers_micro_e, grunt_megastairs_2
Lair:3:   layout_chaotic_city, nicolae_swamp_entry_splash_gauntlet,
          uniq_josephine
Lair:4:   layout_cellular_growth, infiniplex_staircase_pool, grunt_megastairs_5
Lair:5:   hangedman_lair_tendril_chambers, layout_misc_corridors, slime_entry_1
Swamp:1:  layout_basic_swamp, evilmike_swamp_ruin_house_3, uniq_frances,
          uniq_jorgrun
Swamp:2:  layout_basic_swamp, hangedman_swamp_pad, nicolae_swamp_fairy_circle,
          hangedman_swamp_ravenous, infiniplex_staircase_pool_2, uniq_mlioglotl
Spider:1: layout_spider_delve
Spider:2: layout_spider_delve, portal_ice_cave_entry_ugly_swarm
Spider:3: layout_spider_delve, uniq_mara, uniq_bai_suzhen
Orc:1:    gammafunk_beogh_shrine, layout_caves

Skill      XL: |  1  2  3  4  5  6  7  8  9 10 11 12 13 14 15 16 17 |
---------------+----------------------------------------------------+-----
Armour         | 1 2 3 4 5 6 8 9 10 12 13 14 15 | 15.4
Invocations    | 1 2 3 4 5 6 8 9 10 11 12 13 | 13.2
Fighting       | 4 5 6 8 9 10 11 12 13 14 15 16 | 16.0
Stealth        | 1 2 3 4 5 6 7 8 9 10 11 12 | 12.2
Dodging        | 4 5 6 7 8 9 10 11 12 13 14 | 14.6
Short Blades   | 4 5 6 7 8 9 10 11 12 13 14 | 14.7
Evocations     | 4 |  4.9

Action                     |  1- 3 |  4- 6 |  7- 9 | 10-12 | 13-15 | 16-18 || total
---------------------------+-------+-------+-------+-------+-------+-------++-------
  Melee: Short sword       |    62 |   177 |   431 |   373 |       |       ||  1043
         Headbutt          |    18 |    42 |   148 |   206 |   543 |   292 ||  1249
         Dagger            |       |       |       |   182 |  1418 |   755 ||  2355
         Unarmed           |       |       |       |       |    16 |       ||    16
 Invoke: Ancestor Life: He |       |       |     1 |       |       |       ||     1
         Recall Ancestor   |       |       |       |       |     5 |     6 ||    11
         Idealise          |       |       |       |       |     2 |       ||     2
  Evoke: Wand              |       |       |     1 |     2 |     5 |    27 ||    35
    Use: Potion            |       |       |     2 |       |     1 |     6 ||     9
         Scroll            |       |       |    12 |     1 |    20 |    11 ||    44
   Stab: Sleeping          |       |     2 |     4 |     2 |     2 |     3 ||    13
         Confused          |       |       |     4 |    16 |    39 |    17 ||    76
         Distracted        |       |       |     1 |    13 |    25 |    23 ||    62
         Petrified         |       |       |       |       |     3 |       ||     3
         Petrifying        |       |       |       |       |     1 |       ||     1
         Paralysed         |       |       |       |       |    16 |    20 ||    36
         Held in net/web   |       |       |       |       |       |     1 ||     1
 Armour: Robe              |     9 |    36 |    38 |       |       |       ||    83
         Leather armour    |       |       |    28 |    68 |   197 |   161 ||   454
  Dodge: Dodged            |    37 |   111 |   282 |   312 |  1022 |   803 ||  2567
